 Dungeon Crawl Stone Soup version 0.29.1-15-g9cfb28693d (webtiles) character file.

Game seed: 11419166856035344293

8665 growler the Martial Artist (level 11, -4/114 HPs)
             Began as a Red Draconian Transmuter on Mar 7, 2023.
             Was an Initiate of Wu Jian.
             Slain by a fire elemental (15 damage)
             ... summoned by a deep elf pyromancer
             ... on level 11 of the Dungeon.
             The game lasted 00:33:31 (13859 turns).

growler the Martial Artist (DrTm)                  Turns: 13859, Time: 00:33:31

Health: -4/114     AC:  7    Str: 13    XL:     11   Next: 12%
Magic:  13/17      EV: 10    Int: 16    God:    Wu Jian [......]
Gold:   483        SH:  0    Dex: 13    Spells: 8/18 levels left

rFire   x . .      SeeInvis .     - Unarmed
rCold   + + +      Faith    .   (shield currently unavailable)
rNeg    . . .      Spirit   .   (body armour unavailable)
rPois   +          Reflect  .   (helmet currently unavailable)
rElec   .          Harm     .   (cloak currently unavailable)
rCorr   .          Rampage  .   (gloves currently unavailable)
Will    +....                   (boots currently unavailable)
Stlth   +.........              h - amulet of the acrobat
HPRegen 0.29/turn               f - ring of poison resistance
MPRegen 0.15/turn               a - ring of willpower

@: short of breath, ice-form
A: freezing attack, amphibious, boosted hp, (breathe fire), AC +7, large,
unfitting armour, (fire resistance 1), (cold-blooded)
a: End Transformation, Renounce Religion


You were on level 11 of the Dungeon.
You worshipped Wu Jian.
Wu Jian was noncommittal.
You were a creature of crystalline ice.
You visited 2 branches of the dungeon, and saw 12 of its levels.

You collected 483 gold pieces.

Inventory:

Armour
 i - a +1 cloak (melded)
 A - a +1 pair of gloves (melded)
 K - a +2 pair of boots of flying (melded)
Jewellery
 a - a ring of willpower (right front paw)
 f - a ring of poison resistance (left front paw)
 h - an amulet of the acrobat (around neck)
 j - a ring of magical power
 G - an amulet of faith
 H - a +6 ring of dexterity
 I - the ring of the Princeling {rC+ rCorr Int+5 Stlth+}
   (You found it on level 9 of the Dungeon)

   [ring of resist corrosion]

   Int:       It affects your intelligence (+5).
   rC:        It protects you from cold.
   rCorr:     It protects you from acid and corrosion.
   Stlth:     It makes you more stealthy.
Wands
 x - a wand of charming (9)
 C - a wand of light (7)
 D - a wand of polymorph (14)
 E - a wand of iceblast (3)
Scrolls
 b - 4 scrolls of fear
 c - a scroll of noise {unknown}
 d - a scroll of silence {unknown}
 g - a scroll of poison
 l - a scroll of immolation {unknown}
 m - 3 scrolls of enchant armour
 p - 4 scrolls of identify
 q - 2 scrolls of vulnerability {unknown}
 r - 2 scrolls of teleportation
 u - 3 scrolls of blinking
 v - 2 scrolls of magic mapping
 w - 2 scrolls of fog {unknown}
 y - a scroll of enchant weapon {unknown}
 B - 3 scrolls of amnesia
 J - 3 scrolls of brand weapon {unknown}
Potions
 e - 9 potions of curing
 k - 2 potions of ambrosia
 n - 4 potions of heal wounds
 o - 3 potions of mutation
 s - a potion of attraction
 t - 3 potions of might
 z - a potion of flight
 F - a potion of haste


   Skills:
 + Level 8.8 Fighting
 - Level 1.7 Dodging
 + Level 12.7 Unarmed Combat
 - Level 4.0 Spellcasting
 - Level 6.0 Transmutations
 - Level 5.0 Ice Magic


You had 8 spell levels left.
You knew the following spells:

 Your Spells              Type           Power      Damage    Failure   Level
a - Beastly Appendage     Tmut           44%        N/A       1%          1
b - Wereblood             Tmut           22%        N/A       2%          2
c - Spider Form           Tmut/Pois      12%        N/A       14%         3
d - Ice Form              Ice/Tmut       20%        N/A       17%         4

Your spell library contained the following spells:

 Spells                   Type           Power      Damage    Failure   Level
 Foxfire                  Conj/Fire      12%        2x1d4     17%         1
 Magic Dart               Conj           12%        1d3       17%         1
 Slow                     Hex            12%        N/A       17%         1
 Call Imp                 Summ           3%         N/A       26%         2
 Confusing Touch          Hex            3%         N/A       45%         3
 Conjure Flame            Conj/Fire      3%         6-21      45%         3
 Dazzling Flash           Conj/Hex       6%         N/A       45%         3
 Inner Flame              Hex/Fire       3%         N/A       45%         3
 Mephitic Cloud           Conj/Pois/Air  3%         N/A       45%         3
 Vampiric Draining        Necr           3%         2d6       45%         3
 Flame Wave               Conj/Fire      3%         2d5       86%         4
 Agony                    Necr           3%         N/A       99%         5
 Silence                  Hex/Air        1%         N/A       99%         5


Dungeon Overview and Level Annotations

Branches:
Dungeon (11/15)            Temple (1/1) D:7            Lair (0/5) D:9
    Orc (0/2) D:10

Altars:
Ashenzari
Cheibriados
Dithmenos
Elyvilon
Fedhas
Gozag
Hepliaklqana
Kikubaaqudgha
Makhleb
Nemelex Xobeh
Okawaru
Qazlal
Ru
Sif Muna
Trog
Uskayaw
Vehumet
Wu Jian
Xom
Yredelemnul
Zin
The Shining One

Shops:
D:3 *   D:4 [   D:6 *   D:10 :

Annotations:
D:6 3 runed translucent doors, sigtrap's ghost, novice SpBr


Innate Abilities, Weirdness & Mutations

You are a creature of crystalline ice.
You have a powerful freezing melee attack.
You are amphibious.
Your maximum health is increased.
Your armour is entirely melded.
You are incapable of wielding weapons or throwing items.
((You can breathe blasts of fire.))
((Your fiery red scales are hard. (AC +7)))
You cannot fit into any form of body armour.
((Your flesh is heat resistant. (rF+)))
((You are cold-blooded and may be slowed by cold attacks.))


Message History

The deep elf pyromancer gestures wildly while chanting.
The deep elf pyromancer blinks!
The fire elemental completely misses you. x2
The deep elf pyromancer misses you.
Aiming: Breathe Fire (3% risk of failure)
Press: ? - help, Shift-Dir - straight line, f - deep elf pyromancer
Aim: a deep elf pyromancer, wielding a +1 dagger of venom (56% to hit)
You breathe a blast of fire.
The fiery breath misses the deep elf pyromancer.
The fire elemental closely misses you.
The deep elf pyromancer is engulfed in blazing flames.
The deep elf pyromancer casts a spell.
You closely miss the deep elf pyromancer.
The deep elf pyromancer is moderately wounded.
The fire elemental hits you. The fire elemental burns you! You resist.
The fire elemental barely misses you.
Casting: Ice Form (dangerous; 17% risk of failure)
Confirm with . or Enter, or press ? or * to list all spells.
You turn into a creature of crystalline ice.
Your +1 cloak melds into your body.
Your +1 pair of gloves melds into your body.
Your +2 pair of boots of flying melds into your body.
You float gracefully downwards.
The fire elemental hits you. The fire elemental burns you!
The fire burns you terribly!
The deep elf pyromancer is engulfed in blazing flames.
The deep elf pyromancer closely misses you.
The fire elemental hits you. The fire elemental burns you!
The fire burns you terribly! The fire elemental hits you.
The fire elemental burns you! The fire burns you terribly!
You hit the deep elf pyromancer. You freeze the deep elf pyromancer.
The deep elf pyromancer is heavily wounded.
The fire elemental hits you. The fire elemental burns you!
The fire burns you terribly!
The deep elf pyromancer is engulfed in blazing flames.
The deep elf pyromancer gestures at you while chanting.
The bolt of fire hits you!!! The fire burns you terribly!
* * * LOW HITPOINT WARNING * * *
The fire elemental hits you. The fire elemental burns you!
The fire burns you terribly!
You die...

##########
#.........
#........
#####.......
#.........#
##.........#
.......eE..#
.......YE○.#
####....E..######
#.............
#......####...
#......# ..
#......# .....
#......# .....
#......#
.....#######......#


You could see a deep elf pyromancer and 3 fire elementals.

Vanquished Creatures
  A boulder beetle (D:11)
  A two-headed ogre (D:8)
  A manticore (D:10)
  A cyclops (D:11)
  An unseen horror (D:10)
  A gargoyle (D:10)
  Grinder (D:4)
  Sigmund (D:2)
  A wraith (D:9)
  A vampire (D:10)
  2 wyverns
  Menkaure (D:5)
  6 vampire mosquitoes (D:10)
  A water moccasin (D:8)
  6 ice beasts
  2 orc warriors
  A sky beast (D:6)
  5 black bears
  An ogre (D:4)
  2 centaurs
  2 kobold brigands
  Blork the orc (D:4)
  A gnoll sergeant (D:7)
  3 necrophages (D:6)
  3 bullfrogs
  5 scorpions
  5 wights (D:9)
  5 killer bees (D:8)
  9 howler monkeys
  4 orc priests
  3 hounds
  Jessica (D:3)
  Ijyb (D:5)
  Natasha (thrice) (D:4)
  4 iguanas
  11 orc wizards
  Terence (D:3)
  Robin (D:2)
  11 gnolls
  4 adders
  2 ufetubi (D:5)
  A worm (D:2)
  3 dart slugs
  34 orcs
  9 endoplasms
  2 giant cockroaches
  19 goblins
  8 hobgoblins
  3 jackals
  11 kobolds
  6 quokkas
  6 ball pythons
  7 bats
  2 frilled lizards (D:2)
  23 rats
251 creatures vanquished.

Vanquished Creatures (others)
  3 fungi
  8 plants
11 creatures vanquished.

Grand Total: 262 creatures vanquished

Notes
Turn   | Place    | Note
-------+----------+-------------------------------------------
     0 | D:1      | growler the Draconian Transmuter began the quest for the
                  | Orb.
     0 | D:1      | Reached XP level 1. HP: 16/16 MP: 3/3
   229 | D:1      | Reached XP level 2. HP: 22/23 MP: 3/5
   232 | D:1      | Learned a level 2 spell: Wereblood
   702 | D:1      | Reached XP level 3. HP: 28/28 MP: 4/6
   706 | D:1      | Learned a level 3 spell: Spider Form
  1136 | D:2      | Found a faded altar of an unknown god.
  1254 | D:2      | Reached XP level 4. HP: 6/35 MP: 4/8
  1848 | D:2      | Noticed Sigmund
  2099 | D:2      | Reached skill level 4 in Unarmed Combat
  2238 | D:2      | Killed Sigmund
  2239 | D:2      | Reached skill level 5 in Unarmed Combat
  2239 | D:2      | Reached XP level 5. HP: 7/40 MP: 9/9
  2240 | D:2      | Reached XP level 6. HP: 9/47 MP: 10/10
  2431 | D:2      | Learned a level 4 spell: Ice Form
  2596 | D:2      | Noticed Robin
  2618 | D:2      | Killed Robin
  3280 | D:3      | Found a large runed translucent door.
  3281 | D:3      | Found a large runed translucent door.
  3516 | D:3      | Found a white marble altar of Elyvilon.
  3519 | D:3      | Found an opulent altar of Gozag.
  3565 | D:3      | Found Bezikyol's Assorted Antiques.
  3657 | D:3      | Reached skill level 6 in Unarmed Combat
  3931 | D:3      | You fall into a shaft and drop 3 floors!
  3963 | D:6      | Found a bloodstained altar of Trog.
  3967 | D:5      | Entered Level 5 of the Dungeon
  3973 | D:5      | Your scales start taking on a fiery red colour.
  3973 | D:5      | Reached XP level 7. HP: 31/52 MP: 11/11
  3973 | D:5      | Gained mutation: Your flesh is heat resistant. (rF+) [Red
                  | Draconian growth]
  4063 | D:5      | Reached skill level 7 in Unarmed Combat
  4073 | D:4      | Noticed Natasha
  4080 | D:4      | Noticed Blork the orc
  4083 | D:4      | Killed Natasha
  4100 | D:4      | Killed Blork the orc
  4101 | D:4      | Reached skill level 8 in Unarmed Combat
  4341 | D:4      | Noticed Natasha
  4344 | D:4      | Found Jith's Antique Armour Shoppe.
  4351 | D:4      | Killed Natasha
  4426 | D:4      | Noticed Natasha
  4435 | D:4      | Killed Natasha
  4579 | D:4      | Found a sacrificial altar of Ru.
  4609 | D:4      | Found a broken altar of Ashenzari.
  4869 | D:3      | Noticed Terence
  4879 | D:3      | Killed Terence
  4880 | D:3      | Reached XP level 8. HP: 49/59 MP: 12/12
  5010 | D:3      | Noticed Jessica
  5016 | D:3      | Killed Jessica
  5096 | D:4      | Reached skill level 9 in Unarmed Combat
  5296 | D:4      | Found a shimmering blue altar of Sif Muna.
  5587 | D:4      | Noticed Grinder
  5597 | D:4      | Killed Grinder
  5598 | D:4      | Reached skill level 10 in Unarmed Combat
  5966 | D:5      | Noticed a +0 short sword
  5966 | D:5      | Noticed a +0 spear
  5966 | D:5      | Noticed a +0 spear
  5966 | D:5      | Noticed a +0 falchion
  5966 | D:5      | Noticed a +0 dagger
  5972 | D:5      | Noticed a +0 falchion
  5978 | D:5      | Noticed a +0 short sword
  5982 | D:5      | Noticed a +0 dagger
  6015 | D:5      | Found a hide-covered altar of Uskayaw.
  6177 | D:5      | Reached skill level 1 in Ice Magic
  6322 | D:5      | Noticed Menkaure
  6323 | D:5      | Killed Menkaure
  6514 | D:5      | Noticed Ijyb
  6519 | D:5      | Killed Ijyb
  6645 | D:6      | Reached XP level 9. HP: 67/68 MP: 10/14
  7137 | D:6      | Found a runed translucent gate.
  7137 | D:6      | Found a runed translucent gate.
  7137 | D:6      | Found a runed translucent gate.
  7138 | D:6      | Noticed sigtrap's ghost (novice SpBr)
  7193 | D:6      | Reached skill level 5 in Transmutations
  7219 | D:6      | Found Lowyra's Assorted Antiques.
  7831 | D:7      | Found a staircase to the Ecumenical Temple.
  7838 | Temple   | Entered the Ecumenical Temple
  8145 | D:7      | Reached skill level 11 in Unarmed Combat
  8216 | D:7      | Reached skill level 5 in Fighting
  8277 | D:7      | Found a sparkling altar of Nemelex Xobeh.
  8641 | D:8      | Reached XP level 10. HP: 60/81 MP: 10/16
  8821 | D:8      | Noticed a two-headed ogre
  8827 | D:8      | Killed a two-headed ogre
  9206 | D:8      | Found a shimmering altar of Xom.
  9876 | D:9      | Found a staircase to the Lair.
 10153 | D:9      | Identified the ring of the Princeling {rC+ rCorr Int+5
                  | Stlth+}
 10298 | D:9      | Found a blossoming altar of Fedhas.
 10634 | D:7      | Reached skill level 5 in Ice Magic
 11477 | D:10     | Entered Level 10 of the Dungeon
 11487 | D:10     | Found Sextoolut's Book Shop.
 11640 | D:10     | Noticed a gargoyle
 11646 | D:10     | Killed a gargoyle
 11809 | D:10     | Reached skill level 12 in Unarmed Combat
 11983 | D:10     | Found a staircase to the Orcish Mines.
 12445 | D:10     | Noticed a manticore
 12475 | D:10     | Killed a manticore
 12617 | D:10     | Found an ornate altar of the Wu Jian Council.
 12617 | D:10     | Found a hazy altar of Hepliaklqana.
 12833 | D:10     | Reached XP level 11. HP: 53/95 MP: 17/17
 13406 | D:10     | Became a worshipper of the Wu Jian Council
 13416 | D:11     | Noticed a boulder beetle
 13584 | D:11     | Killed a boulder beetle
 13851 | D:11     | Noticed a deep elf pyromancer
 13859 | D:11     | Slain by a fire elemental

Illustrated notes

Levels and vault maps discovered:
D:1:      eino_arrival_water_cross, layout_loops_ring, serial_park_tiny_2,
          hangedman_decor_clover_reticule, minmay_box_of_dots
D:2:      layout_basic, dreamdust_ecumenical_altar_grove, uniq_sigmund,
          uniq_robin
D:3:      layout_loops_cross, jmf_multi_god_temple2, serial_shops, shop,
          uniq_terence, uniq_jessica
D:4:      layout_loops_cross, ashenzari_altar_1, kennysheep_orc_sif_temple,
          nicolae_ru_great_annihilating_truth, serial_shops, shop,
          minmay_rat_hole, uniq_natasha, uniq_grinder, uniq_blork_the_orc
D:5:      layout_loops_ring, nicolae_uskayaw_en_pointe, uniq_ijyb, uniq_menkaure
D:6:      layout_rooms, trog_ov_bears_minmay, serial_shops,
          nicolae_shop_overgrown_old_shop, ebering_ghost_rock_garden,
          mrwooster_statue_mirror
D:7:      layout_loops_cross, nemelex_spade_bored_becter,
          minmay_temple_entry_wispy
D:8:      layout_rooms, mainiacjoe_overflow_24_doors
D:9:      layout_grid_maze, general_overflow_altar, dpeg_oklobed_lair
D:10:     layout_stronghold, nicolae_overflow_hidden_temple, orc_0_dummy,
          serial_shops, shop
D:11:     layout_irregular_city, minmay_sticks_and_stones
Temple:   eino_wide_crystal_templ

Skill      XL: |  1  2  3  4  5  6  7  8  9 10 |
---------------+-------------------------------+-----
Transmutations | 3 4 6 |  6.0
Spellcasting   | 3 4 |  4.0
Unarmed Combat | 5 6 8 10 11 12 | 12.7
Fighting       | 2 5 8 |  8.8
Ice Magic      | 1 3 5 |  5.0
Dodging        | |  1.7

Action                   |  1- 3 |  4- 6 |  7- 9 | 10-12 || total
-------------------------+-------+-------+-------+-------++-------
Melee: Unarmed           |    83 |   139 |   346 |   191 ||   759
       Kick              |    15 |     5 |     7 |     2 ||    29
       Headbutt          |     6 |     7 |     2 |       ||    15
       Tailslap          |     6 |    10 |    36 |    22 ||    74
       Punch             |     1 |     4 |    15 |     9 ||    29
 Cast: Beastly Appendage |    16 |     8 |     5 |     1 ||    30
       Wereblood         |     2 |     6 |     7 |     2 ||    17
       Spider Form       |     1 |     9 |    12 |       ||    22
       Ice Form          |       |       |     2 |     7 ||     9
 Abil: Breathe Fire      |       |       |    15 |    11 ||    26
  Use: Potion            |       |     1 |       |       ||     1
       Scroll            |       |       |     9 |     7 ||    16
 Stab: Invisible         |       |       |     1 |       ||     1
       Paralysed         |       |       |     1 |       ||     1
       Sleeping          |       |       |     2 |       ||     2
Armor: Skin              |    19 |    33 |    91 |   106 ||   249
Dodge: Dodged            |    46 |   128 |   205 |   133 ||   512
